 Dungeon Crawl Stone Soup version 0.31-a0-234-gad7ace16ef (webtiles) character file.

Game seed: 16153177602642789314

25 qw the Shooter (level 3, 0/21 HPs)
             Began as a Gargoyle Hexslinger on July 9, 2023.
             Slain by a goblin
             ... wielding a +0 dagger
             ... led by Robin
              (2 damage)
             ... on level 2 of the Dungeon.
             The game lasted 00:00:19 (872 turns).

qw the Shooter (Gargoyle Hexslinger)                 Turns: 872, Time: 00:00:20

Health: 0/21       AC:  8    Str: 11    XL:     3   Next: 6%
Magic:  4/4        EV: 10    Int: 13    God:
Gold:   55         SH:  0    Dex: 14    Spells: 3/4 levels left

rFire   + . .        Y - +1 sling
rCold   . . .        (no shield)
rNeg    + . .        h - +0 ring mail
rPois   inf          (no helmet)
rElec   +            (no cloak)
rCorr   .            (no gloves)
SInv    .            (no boots)
Will    .....        (no amulet)
Stlth   +            k - ring of protection from fire
HPRegen 0.23/turn    (no ring)
MPRegen 0.09/turn

%: no passive effects
@: no status effects
A: sickness immunity, AC +3, negative energy resistance 1, electricity
resistance, torment resistance 1, petrification resistance
a: no special abilities


You were on level 2 of the Dungeon.
You visited 1 branch of the dungeon, and saw 2 of its levels.

You collected 55 gold pieces.


Innate Abilities, Weirdness & Mutations

You are immune to sickness and miasma.
Your stone body is resilient. (AC +3)
You are immune to poison.
You resist negative energy. (rN+)
You are resistant to electric shocks. (rElec)
You are resistant to unholy torment.
You are immune to petrification.


   Skills:
 - Level 2.0 Fighting
 + Level 3.0 Ranged Weapons
 - Level 1.5 Dodging
 - Level 1.0 Spellcasting
 - Level 2.6 Hexes


You had 3 spell levels left.
You knew the following spells:

 Your Spells              Type           Power      Damage    Failure   Level
a - Slow                  Hex            28%        N/A       22%         1

Your spell library contained the following spells:

 Spells                   Type           Power      Damage    Failure   Level
 Inner Flame              Hex/Fire       4%         N/A       75%         3
 Portal Projectile        Hex/Tloc       8%         N/A       75%         3
 Cause Fear               Hex            3%         N/A       92%         4

Inventory:

Hand Weapons
 Y - a +1 sling (weapon)
Armour
 h - a +0 ring mail (worn)
Jewellery
 k - a ring of protection from fire (left hand)
Scrolls
 a - 2 scrolls of identify
 b - a scroll of teleportation {unknown}
 g - a scroll of enchant armour
Potions
 e - a potion of magic {unknown}
 i - a potion of heal wounds {unknown}
 l - a potion of haste
 m - a potion of mutation {unknown}

Dungeon Overview and Level Annotations

Branches:
Dungeon (2/15)

Altars:

Annotations:
D:2 Robin


Message History

The jackal bites you. The goblin hits you but does no damage.
The goblin barely misses you. The goblin hits you but does no damage.
The goblin closely misses you. The jackal barely misses you.
The jackal closely misses you. The jackal barely misses you.
You shoot a sling bullet.
The sling bullet barely misses the jackal.
The jackal barely misses you. The goblin hits you but does no damage.
The goblin completely misses you. The goblin hits you but does no damage.
The jackal bites you but does no damage.
The goblin unwields a +0 club.
The goblin wields a +0 sling.
The goblin shoots a sling bullet.
The sling bullet misses you.
The sling bullet barely misses the goblin.
The sling bullet hits the ball python.
The jackal bites you but does no damage.
The jackal barely misses you.
The goblin hits you but does no damage. x2
The goblin hits you with a +0 dagger. The jackal barely misses you.
The goblin hits you with a +0 club. The jackal closely misses you.
You shoot a sling bullet. The sling bullet hits the jackal.
The jackal is heavily wounded.
The jackal barely misses you. The giant cockroach misses you.
The jackal closely misses you. The jackal barely misses you.
The goblin hits you with a +0 dagger. The goblin hits you with a +0 club.
The goblin barely misses you. x2
The jackal bites you but does no damage.
The giant cockroach bites you but does no damage.
The jackal barely misses you.
The jackal bites you but does no damage.
You shoot a sling bullet. The sling bullet hits the jackal.
You kill the jackal!
The jackal closely misses you. The goblin completely misses you.
The goblin hits you but does no damage. The jackal bites you.
The goblin hits you but does no damage. The goblin closely misses you.
The giant cockroach misses you.
The jackal bites you but does no damage.
You shoot a sling bullet. The sling bullet hits the goblin.
The goblin is moderately wounded.
The jackal closely misses you. The giant cockroach closely misses you.
The jackal bites you. The goblin hits you but does no damage.
The goblin hits you with a +0 dagger.
You die...

..###.........##
#.#........#.... .
#######..........#####
..#.....##.........## #
....................####
..................>.....
#.....g)..%....>......##
#.....hBg...........#.#
.....gh@g..........)#.#
.....gggg........##.#..
......gS.........##.##..
..................... ..
.#..............##.####.
#.###.##..####.# .# ...
.. ##.# #.# # .. .# #..
#..


You could see Robin, 2 jackals, a giant cockroach, 2 hobgoblins, 6 goblins and a
ball python.

Vanquished Creatures
  A giant cockroach (D:1)
  6 goblins
  3 hobgoblins (D:2)
  2 jackals (D:2)
  A quokka (D:2)
  5 ball pythons (D:1)
  3 frilled lizards
  2 rats
23 creatures vanquished.

Notes
Turn   | Place    | Note
-------+----------+-------------------------------------------
     0 | D:1      | qw the Gargoyle Hexslinger began the quest for the Orb.
     0 | D:1      | Reached XP level 1. HP: 12/12 MP: 2/2
     0 | D:1      | 0 ||| qw: Version: 0.3-a-51-g015441d
     0 | D:1      | 0 ||| qw: Game counter: 4130
     0 | D:1      | 0 ||| qw: Melee chars always use a shield: true
     0 | D:1      | 0 ||| qw: God list: Okawaru
     0 | D:1      | 0 ||| qw: Allow faded altars: false
     0 | D:1      | 0 ||| qw: Do Orc after clearing Dungeon:15 true
     0 | D:1      | 0 ||| qw: Do second Lair branch before Depths: true
     0 | D:1      | 0 ||| qw: Lair rune preference: random
     0 | D:1      | 0 ||| qw: Goals: Normal
     0 | D:1      | 0 ||| PLANNING D:1-11
   670 | D:1      | Reached XP level 2. HP: 16/16 MP: 3/3
   723 | D:1      | 723 ||| UPGRADING to +0 leather armour.
   733 | D:1      | 733 ||| DROPPING +0 robe.
   734 | D:1      | 734 ||| UPGRADING to +0 ring mail.
   744 | D:1      | 744 ||| DROPPING +0 leather armour.
   745 | D:1      | 745 ||| UPGRADING to ring of protection from fire.
   746 | D:1      | 746 ||| READING 2 scrolls labelled UKEUFO NUMNAKE.
   747 | D:1      | 747 ||| READING 2 scrolls labelled UDUOMO GUGUSO.
   748 | D:1      | 748 ||| READING scroll labelled CASEEC ATISOS.
   749 | D:1      | 749 ||| READING scroll labelled XOMO EKECUG.
   750 | D:1      | 750 ||| READING scroll labelled XIRRUE AFRE.
   751 | D:1      | 751 ||| DRINKING 2 fizzy dark potions.
   752 | D:1      | 752 ||| DRINKING 2 smoky grey potions.
   753 | D:1      | 753 ||| DROPPING scroll of poison.
   754 | D:1      | 754 ||| DROPPING potion of attraction.
   793 | D:2      | Reached skill level 3 in Ranged Weapons
   806 | D:2      | Found a faded altar of an unknown god.
   863 | D:2      | Noticed Robin
   867 | D:2      | Reached XP level 3. HP: 17/21 MP: 4/4
   871 | D:2      | HP: 5/21 [jackal (2)]
   872 | D:2      | HP: 2/21 [jackal (3)]
   872 | D:2      | Slain by a goblin

Levels and vault maps discovered:
D:1:      evilmike_arrival_fibonacci_small, layout_loops_ring,
          grunt_decor_one_mirror, chequers_serial_rivers_micro_b,
          minmay_misc_feat_nine_boxes, minmay_shallow_snake_nest
D:2:      layout_rooms, hellmonk_ecumenical_altar_blasted,
          uniq_crazy_yiuf_cottage, uniq_robin

Skill      XL: |  1  2 |
---------------+-------+-----
Ranged Weapons | 3 |  3.0
Fighting       | 2 |  2.0
Dodging        | |  1.5
Spellcasting   | |  1.0
Hexes          | |  2.6

Action                     || total
---------------------------++-------
   Fire: Sling             ||    67
    Use: Scroll            ||     5
         Potion            ||     2
 Armour: Robe              ||     1
         Ring mail         ||    28
  Dodge: Dodged            ||    55

Table legend:
 A = Non-vault XP
 B = Vault XP
 C = Vault XP percentage of total XP
 D = Non-vault monster count
 E = Vault monster count
 F = Vault count percentage of total count
                 A         B        C        D         E       F
            +---------+---------+-------+---------+---------+-------
      Total |      23 |      14 |  37.8 |      15 |       8 |  34.8
            +---------+---------+-------+---------+---------+-------
        D:1 |       8 |       4 |  33.3 |       6 |       3 |  33.3
        D:2 |      15 |      10 |  40.0 |       9 |       5 |  35.7
            +---------+---------+-------+---------+---------+-------
